Map: Lerilak Crest

Players

TOP - Winner!

  • Race: Terran Terran
  • League: Master

Guru

  • Race: Zerg Zerg
  • League: Master

VOD

Have the link to the VOD?

Description

Time

  • Played on: Sept. 5, 2015, 4:59 p.m.
  • Length: 7:42
Show
View Real Time Build Order
Export as new Build Order

TOP Terran - Winner!

Build Orders: 1/1/1, Hellion Opening, Liberator Opening 

Get SALT Encoding   

  12  0:01  SCV  
  13  0:13  SCV  
  14  0:18  Supply Depot  
  14  0:25  SCV  
  15  0:39  SCV  
  15  0:41  Barracks  
  16  0:44  Refinery  
  16  0:51  SCV  
  16  0:53  Refinery  
  17  1:03  SCV  
  18  1:15  SCV  
  19  1:28  Marine, Orbital Command  
  20  1:33  Factory  
  20  1:43  Supply Depot  
  20  1:48  Barracks Reactor  
  20  1:54  SCV  
  21  2:06  SCV  
  22  2:18  SCV  
  22  2:19  Starport  
  23  2:30  Hellion x2  
  23  2:31  SCV  
  28  2:42  Liberator  
  28  2:43  SCV  
  29  2:51  Hellion x2  
  34  2:59  Armory  
  34  3:05  Supply Depot  
  36  3:24  Hellion x2  
  36  3:25  Liberator  
  38  3:28  SCV  
  39  3:45  Hellion x2  
  46  3:59  Command Center  
  47  4:10  Hellion  
  47  4:20  Command Center  
  47  4:21  Liberator  
  54  4:38  Hellion x2  
  52  5:02  Hellion x2  
  52  5:04  Liberator  
  45  5:23  Hellion  
  45  5:24  Hellion  
  49  5:40  Barracks Tech Lab  
  45  5:44  SCV  
  45  5:45  Hellion x2  
  50  5:51  Orbital Command, Liberator  
  50  5:57  Factory  
  50  5:58  Command Center  
  50  6:06  Hellion  
  50  6:08  Hellion  
  57  6:16  Orbital Command  
  57  6:31  Hellion x2  
  61  6:37  Factory  
  61  6:40  SCV  
  61  6:41  Liberator  
  62  6:52  Hellion x2  
  67  7:12  Factory Tech Lab, Orbital Command  
  67  7:14  Hellion x2  
Show
View Real Time Build Order
Export as new Build Order

Guru Zerg 

Build Orders: Hatch First 

Get SALT Encoding   

  12  0:01  Drone  
  13  0:08  Drone  
  14  0:17  Overlord  
  14  0:22  Extractor  
  14  0:23  Drone  
  15  0:36  Drone x2  
  17  0:52  Hatchery  
  17  0:55  Drone  
  17  1:09  Spawning Pool  
  17  1:11  Extractor  
  15  1:12  Drone  
  15  1:16  Drone  
  17  1:20  Drone  
  18  1:27  Drone  
  19  1:37  Overlord  
  19  1:49  Drone  
  20  1:56  Queen  
  20  2:00  Drone  
  23  2:04  Queen  
  23  2:05  Zergling x2  
  26  2:17  Hatchery  
  25  2:23  Metabolic Boost  
  25  2:26  Drone  
  25  2:29  Drone  
  27  2:31  Drone  
  27  2:35  Drone  
  29  2:38  Drone  
  29  2:40  Drone  
  31  2:46  Overlord  
  31  2:50  Drone  
  32  2:55  Zergling x2  
  32  3:00  Overlord  
  32  3:04  Zergling x2  
  32  3:05  Zergling x4  
  35  3:11  Zergling x4  
  37  3:15  Spore Crawler  
  37  3:18  Zergling x2  
  37  3:19  Zergling x2  
  38  3:23  Drone  
  37  3:36  Drone  
  37  3:37  Drone x2  
  37  3:40  Overlord  
  37  3:41  Roach Warren, Drone x2  
  39  3:42  Drone  
  39  3:47  Overlord  
  42  3:50  Drone x2  
  42  3:55  Drone x2  
  46  3:57  Drone  
  46  4:00  Drone  
  48  4:05  Queen  
  50  4:13  Drone x3  
  52  4:18  Drone x2, Extractor  
  52  4:19  Drone  
  52  4:24  Roach  
  54  4:34  Extractor  
  54  4:36  Roach x2  
  54  4:38  Roach x2  
  59  4:42  Drone  
  59  4:45  Roach  
  57  4:54  Roach  
  53  5:02  Roach  
  53  5:04  Roach  
  44  5:15  Drone  
  44  5:19  Ravager  
  44  5:20  Ravager  
  46  5:22  Drone x3  
  46  5:23  Drone x2  
  41  5:34  Drone  
  41  5:35  Drone  
  40  5:38  Drone  
  41  5:46  Drone  
  41  5:48  Drone  
  41  5:59  Drone  
  41  6:04  Drone  
  41  6:05  Drone x2  
  44  6:14  Drone  
  44  6:15  Drone  
  44  6:22  Drone  
  45  6:27  Drone x2  
  47  6:33  Drone  
  47  6:36  Drone  
  48  6:49  Roach  
  48  6:52  Roach  
  38  7:01  Ravager  
  38  7:02  Ravager  
  38  7:03  Ravager  
Tags
 
Add a new tag
Caveats
  • Supply blocks, unpowered buildings, or Contaminate may cause inaccurate times.
  • Supply counts are checked every 10 seconds.